 Dungeon Crawl Stone Soup version 0.16.1-16-gc44b35d (webtiles) character file.

419868 Chiseanne the Peltast (level 22, 0/188 HPs)
             Began as a Demonspawn Wizard on May 8, 2015.
             Was an Initiate of Gozag.
             Blown up by a lich (28 damage)
             ... with a wavering orb of destruction
             ... on level 3 of the Depths.
             The game lasted 05:07:44 (85268 turns).

Chiseanne the Peltast (Demonspawn Wizard)          Turns: 85268, Time: 05:07:44

Health: 0/188      AC: 33    Str: 12    XL:     22   Next: 63%
Magic:  0/30       EV: 22    Int: 21    God:    Gozag
Gold:   2450       SH: 18    Dex: 21    Spells: 5 memorised, 20 levels left

rFire  + . .     SeeInvis +     a - +3 double sword (flame)
rCold  + . .     Clarity  .     j - +4 scale mail "Shricliw" {rElec rPois rCorr Str-2 Dex+4}
rNeg   + . .     SustAb   .     t - +2 shield of Resistance {rF+ rC+ MR+}
rPois  +         Gourm    .     y - +2 helmet
rElec  +         Spirit   +     x - +2 cloak of the Thief {+Fog Slay-2 SInv Stlth+}
rCorr  +         Warding  .     q - +2 pair of gloves {Dex+3}
rMut   .         Stasis   .     (boots unavailable)
MR     ++...                    U - amulet of guardian spirit
Stlth  ++++++....               g - ring of positive energy
                                K - +6 ring of protection

@: flayed, slowed, very slow, very resistant to hostile enchantments, very
stealthy
A: hooves 3, rugged brown scales 3, see invisible, foul stench 2, nightstalker
3, regeneration 1, spit poison 1, evolution 1, augmentation 2, rot immunity
a: Spit Poison, Potion Petition, Call Merchant, Bribe Branch, Renounce Religion,
Evoke Fog
}: 2/15 runes: serpentine, barnacled


You were on level 3 of the Depths.
You worshipped Gozag.
Gozag was noncommittal.
You were not hungry.

You visited 8 branches of the dungeon, and saw 45 of its levels.
You also visited: Labyrinth and Bailey.

You collected 23263 gold pieces.
You spent 11352 gold pieces at shops.
You paid 9461 gold pieces to Gozag.

Inventory:

Hand weapons
 a - a +3 double sword of flaming (weapon)
 s - the +8 broad axe of the Depths {venom, MR+}
   (You bought it in a shop on level 1 of the Depths)

   It poisons the flesh of those it strikes.
   It affects your resistance to hostile enchantments.
 w - a +0 blowgun
Missiles
 e - 21 sling bullets
 f - 16 silver sling bullets
 m - 2 steel tomahawks (quivered)
 o - 26 silver javelins
 E - 11 poisoned javelins
 L - 2 tomahawks of dispersal
 M - 25 poisoned needles
 V - 18 poisoned tomahawks
Armour
 j - the +4 scale mail "Shricliw" (worn) {rElec rPois rCorr Str-2 Dex+4}
   (You bought it in a shop on level 4 of the Orcish Mines)

   It affects your strength (-2).
   It affects your dexterity (+4).
   It insulates you from electricity.
   It protects you from poison.
   It protects you from acid and corrosion.
 q - a +2 pair of gloves of dexterity (worn)
 t - the +2 shield of Resistance (worn) {rF+ rC+ MR+}
   (You found it in a bailey)

   It protects you from fire.
   It protects you from cold.
   It affects your resistance to hostile enchantments.
 x - the +2 cloak of the Thief (worn) {+Fog Slay-2 SInv Stlth+}
   (You acquired it on level 14 of the Dungeon)

   It affects your accuracy and damage with ranged weapons and melee attacks
   (-2).
   It enhances your eyesight.
   It can be evoked to emit clouds of fog.
   It makes you more stealthy.
 y - a +2 helmet (worn)
Jewellery
 c - an uncursed ring of flight
 g - a ring of positive energy (right hand)
 h - an uncursed amulet of clarity
 K - a +6 ring of protection (left hand)
 U - an amulet of guardian spirit (around neck)
Magical devices
 B - a wand of digging (2)
 C - a wand of teleportation (6)
 T - a wand of disintegration (11)
Scrolls
 b - 5 scrolls of identify
 n - 8 scrolls of immolation
 p - 2 scrolls of blinking
 r - a scroll of fear
 u - 3 scrolls of teleportation
 z - a scroll of summoning
 A - 3 scrolls of magic mapping
 G - a scroll of recharging
 Q - 2 scrolls of amnesia
 W - 13 scrolls of remove curse
Potions
 i - a potion of agility
 k - 17 potions of curing
 l - 4 potions of flight
 v - 8 potions of restore abilities
 F - 3 potions of resistance
 H - a potion of invisibility
 I - a potion of haste
 O - 2 potions of heal wounds
 R - 6 potions of cancellation
Books
 d - a book of Flames

   Spells                             Type                      Level
   a - Flame Tongue                   Conjuration/Fire             1
   b - Throw Flame                    Conjuration/Fire             2
   c - Conjure Flame                  Conjuration/Fire             3
   d - Inner Flame                    Hexes/Fire                   3
   e - Sticky Flame                   Conjuration/Fire             4
   f - Fireball                       Conjuration/Fire             5
 D - a book of Changes

   Spells                             Type                      Level
   a - Beastly Appendage              Transmutation                1
   b - Sticks to Snakes               Transmutation                2
   c - Spider Form                    Transmutation/Poison         3
   d - Ice Form                       Ice/Transmutation            4
   e - Blade Hands                    Transmutation                5
 P - a book of Conjurations

   Spells                             Type                      Level
   a - Magic Dart                     Conjuration                  1
   b - Searing Ray                    Conjuration                  2
   c - Dazzling Spray                 Conjuration/Hexes            3
   d - Fulminant Prism                Conjuration/Hexes            4
   e - Iskenderun's Mystic Blast      Conjuration                  4
   f - Iskenderun's Battlesphere      Conjuration/Charms           5
 S - the Volume of the Entourage
   (You found it on level 3 of the Depths)

   Spells                             Type                      Level
   a - Summon Butterflies             Summoning                    1
   b - Summon Small Mammal            Summoning                    1
   c - Call Imp                       Summoning                    2
   d - Shadow Creatures               Summoning                    5
   e - Summon Demon                   Summoning                    5
 Z - a book of Envenomations

   Spells                             Type                      Level
   a - Spider Form                    Transmutation/Poison         3
   b - Alistair's Intoxication        Transmutation/Poison         4
   c - Olgreb's Toxic Radiance        Poison                       4
   d - Poisonous Cloud                Conjuration/Poison/Air       6
Miscellaneous
 J - a lamp of fire
Comestibles
 X - 9 meat rations
 Y - 6 bread rations


   Skills:
 * Level 15.6 Fighting
 * Level 11.1 Long Blades
   Level 5.0 Maces & Flails
 - Level 14.5 Armour
 * Level 18.1 Dodging
 - Level 6.5 Stealth
 - Level 20.0 Shields
 - Level 4.5 Spellcasting
 - Level 2.0 Conjurations
 - Level 1.0 Summonings
 - Level 0.8 Translocations


You had 20 spell levels left.
You knew the following spells:

 Your Spells              Type           Power        Failure   Level  Hunger
a - Magic Dart            Conj           ##..         17%         1    None
b - Blink                 Tloc           N/A          47%         2    #......
c - Call Imp              Summ           #.......     38%         2    #......
d - Repel Missiles        Chrm/Air       #.....       61%         2    #......
e - Conjure Flame         Conj/Fire      #.......     77%         3    ##.....


Dungeon Overview and Level Annotations

Branches:
Dungeon (15/15)            Temple (1/1) D:7            Lair (8/8) D:8
 Shoals (5/5) Lair:6        Snake (5/5) Lair:4        Slime (0/6) Lair:8
    Orc (4/4) D:11            Elf (0/3) Orc:4        Vaults (4/5) D:13
  Crypt (0/3) Vaults:2     Depths (3/5) D:15

Altars:
Ashenzari
Cheibriados
Dithmenos
Elyvilon
Fedhas
Gozag
Kikubaaqudgha
Makhleb
Nemelex Xobeh
Okawaru
Qazlal
Ru
Sif Muna
Trog
Vehumet
Xom
Yredelemnul
Zin
The Shining One
Beogh

Shops:
D:8 }*   D:9 =*   D:10 *   D:12 *   D:14 !   D:15 *   Orc:2 !   Orc:3 !
Orc:4 [:(=   Shoals:1 =   Snake:4 !   Snake:5 [   Vaults:1 [*((   Vaults:2 =
Vaults:3 ?   Vaults:4 *   Depths:1 (

Portals:
Hell: Depths:1 Depths:2
Abyss: Depths:3
Pandemonium: Depths:1 Depths:2 Depths:3
Ziggurat: Depths:3

Annotations:
Shoals:4 Polyphemus
Snake:5 Chiseanne's ghost, mighty SpAs
Vaults:2 Boris; Mara
Depths:3 ghwc's ghost, mighty OgBe


Innate Abilities, Weirdness & Mutations

You have hooves in place of feet.
You are completely covered in rugged brown scales (AC +3, +7% HP).
You radiate miasma.
You are completely attuned to the shadows.
Your magical and physical power is enhanced at high health.
You are immune to rotting.
You have supernaturally acute eyesight.
Your natural rate of healing is unusually fast.
You can spit poison.
You evolve.


Message History

The torpor snail bites you!!
* * * LOW HITPOINT WARNING * * *
The flayed ghost closely misses you.
The lich launches a ball of destructive magic.
The wavering orb of destruction weakly hits you!
* * * LOW HITPOINT WARNING * * *
You hear a horrible gurgling sound! x3
You slash the flayed ghost! You burn the flayed ghost.
You kick the flayed ghost.
The flayed ghost is severely damaged.
You block the flayed ghost's attack.
The lich points at you and mumbles some strange words.
You resist with significant effort. You block the torpor snail's attack.
You hit the flayed ghost. You burn the flayed ghost.
Your kick misses the flayed ghost.
The flayed ghost is severely damaged.
The flayed ghost cries, "Suffer as I suffered!"
The lich conjures a glowing orb.
The wavering orb of destruction weakly hits you!
You die...

...####))####
...)))).......
##.###########
.#.#...........#.#
.#.#.####.#### #.##
.#.#....#.# #..# u
##.####.#.# ####..#..
........#.#....wLW....
#########.######@.#
..............}...#
.##...#############
####...## ##...#
###...## ##...###
#.....# .....##
#########


You could see a cyan very ugly thing, a lich, a flayed ghost and a torpor snail.

Vanquished Creatures
  Norris (Snake:5)
  A golden dragon (Depths:3)
  Jory (Vaults:3)
  Nikola (Vaults:1)
  A titan (Depths:3)
  The ghost of trantor the Unseen, a mighty DEEn of Dithmenos (Vaults:3)
  2 sphinxes
  Agnes (Depths:2)
  3 storm dragons
  2 tengu reavers (Depths:3)
  Frances (Snake:5)
  3 fire giants
  12 vault wardens
  5 frost giants
  An emperor scorpion (Depths:2)
  Aizul (Snake:5)
  8 greater nagas
  13 ironheart preservers
  An orc warlord (Orc:4)
  11 rakshasas
  13 stone giants
  4 very ugly things
  2 deep elf demonologists
  4 dire elephants
  A deep elf annihilator (Vaults:3)
  3 ettins
  A crystal guardian (Vaults:4)
  3 merfolk javelineers (Shoals:5)
  3 minotaurs
  7 fire dragons
  5 merfolk impalers
  16 vault guards
  Josephine (D:12)
  6 ice dragons
  Fannar (Lair:6)
  2 great orbs of eyes
  9 hydras
  Harold (D:12)
  The ghost of deszczowiec the Protected, a powerful FoFi of Okawaru (D:10)
  A ghost crab (shapeshifter) (Depths:2)
  20 naga warriors
  Nessos (Orc:4)
  2 monstrous demonspawn
  A spriggan air mage (Depths:3)
  An alligator snapping turtle (Shoals:5)
  Erica (D:10)
  4 deep troll earth magi
  12 yaktaur captains
  13 centaur warriors
  11 ogre magi
  3 catoblepae (Lair:8)
  A merfolk aquamancer (Shoals:4)
  16 anacondas
  2 tengu warriors (D:14)
  38 death yaks
  A deep troll shaman (Depths:1)
  A satyr (Shoals:4)
  20 naga sharpshooters
  4 spriggan berserkers (Depths:1)
  A sun demon (Depths:1)
  14 shock serpents
  A fire crab (Vaults:3)
  Nergalle (D:12)
  The ghost of Chiseanne the Imperceptible, a powerful SpAs of Gozag (Lab)
  10 skeletal warriors
  A shadow wraith (Vaults:1)
  8 deep elf knights
  An ice devil (Depths:1)
  6 salamander mystics
  A wizard (D:15)
  13 deep trolls
  A sea snake (shapeshifter) (Vaults:4)
  4 sea snakes
  4 deep elf summoners
  7 naga ritualists
  3 unseen horrors
  An iron troll (Depths:1)
  15 ironbrand convokers
  14 hill giants
  A golden dragon skeleton (D:15)
  2 gelid demonspawn
  Pikel (D:4)
  4 necromancers
  7 lindwurms
  12 mana vipers
  A phantasmal warrior (D:15)
  A wolf spider zombie (D:13)
  5 wolf spiders
  9 fauns
  A harpy (shapeshifter) (Vaults:3)
  42 ugly things
  6 salamanders
  14 orc knights
  2 sirens
  3 orc sorcerers
  A water nymph (Shoals:4)
  A draconian (shapeshifter) (Vaults:2)
  3 manticores (Shoals:4)
  A hornet (Vaults:1)
  A water nymph (shapeshifter) (Vaults:3)
  10 griffons
  10 cyclopes
  29 elephants
  10 guardian serpents
  A rust devil (Depths:2)
  13 vault sentinels
  Joseph (D:7)
  A spiny frog (shapeshifter) (Vaults:1)
  A yaktaur zombie (Vaults:4)
  3 gargoyles
  A death yak zombie (D:15)
  34 black mambas
  A hellion (Depths:2)
  2 orange demons
  6 spiny frogs
  23 naga magi
  An elf (shapeshifter) (Vaults:4)
  51 yaktaurs
  A hellwing (Depths:2)
  A fire drake (shapeshifter) (Vaults:3)
  2 tormentors
  A yaktaur skeleton (D:15)
  4 freezing wraiths
  A fire drake (Lair:7)
  7 komodo dragons
  4 deep elf priests
  10 merfolk
  3 kobold demonologists
  The ghost of CcS the Destroyer, an experienced TeCj (D:4)
  2 tengu conjurers
  A jumping spider (Vaults:3)
  A polar bear (Lair:2)
  30 two-headed ogres
  Prince Ribbit (D:4)
  A blue devil (Depths:1)
  A baby alligator (shapeshifter) (Vaults:1)
  17 slime creatures
  A tengu simulacrum (Vaults:3)
  An ettin zombie (Vaults:4)
  9 ravens
  2 human simulacra
  A trapdoor spider (D:12)
  3 snapping turtles
  3 boulder beetles
  9 blink frogs
  A raven (shapeshifter) (D:13)
  4 trolls
  3 wind drakes
  An ettin skeleton (Vaults:4)
  2 air elementals (Depths:3)
  4 basilisks
  3 wyverns
  6 redbacks
  A hog (shapeshifter) (Vaults:2)
  5 wraiths
  3 water elementals
  3 vampires
  A ynoxinul (Depths:2)
  13 deep elf magi
  3 fire bats (Lair:6)
  3 hungry ghosts (Lab)
  A steam dragon (D:11)
  13 vampire mosquitoes
  A human (D:8)
  12 wargs
  13 deep elf fighters
  4 mottled dragons
  2 hippogriffs (shapeshifter)
  16 swamp worms (Lair:7)
  A chaos spawn (Depths:1)
  12 hippogriffs
  43 yaks
  2 human zombies
  62 nagas
  2 slaves (D:4)
  8 porcupines
  A phantom (D:11)
  2 wasps
  51 orc warriors
  29 water moccasins
  5 black bears
  An eye of draining (shapeshifter) (D:13)
  A sky beast (D:7)
  5 ice beasts
  36 ogres
  5 boggarts
  31 centaurs
  An eye of draining (D:13)
  An ogre (shapeshifter) (Depths:1)
  3 boring beetles
  Duvessa (D:6)
  10 crocodiles
  17 giant frogs
  2 big kobolds
  A wyvern zombie (D:10)
  A human skeleton (Vaults:4)
  6 scorpions
  22 killer bees
  13 wights (D:9)
  8 electric eels
  4 goliath beetles
  Dowan (D:6)
  12 crimson imps
  An iron imp (Depths:2)
  2 quasits
  A wasp zombie (D:9)
  14 jellies
  4 centaur zombies
  6 centaur skeletons
  13 hounds
  5 giant frog skeletons
  10 iguanas
  33 orc priests
  32 orc wizards
  2 hell rats (Vaults:3)
  9 worker ants
  13 sheep
  A killer bee zombie (D:9)
  A hound zombie (D:5)
  Terence (D:2)
  2 mummies
  26 adders
  15 gnolls
  10 shadow imps
  56 river rats
  3 worms (Lair:7)
  A giant mite (D:7)
  2 adder zombies
  3 adder skeletons
  4 giant geckos
  2 oozes (Lair:8)
  221 orcs
  3 ball pythons
  18 bats
  A bat skeleton (D:7)
  3 bat zombies
  26 hobgoblins
  13 jackals
  12 quokkas
  7 giant cockroaches
  A giant gecko skeleton (D:5)
  A giant gecko zombie (D:8)
  5 giant newts
  2 giant spores
  26 goblins
  2 jackal zombies
  21 kobolds
  2 quokka skeletons
  20 rats
  38 ballistomycetes
  5 fungi
  17 plants
2081 creatures vanquished.

Vanquished Creatures (collateral kills)
  A hydra (Lair:1)
  A spriggan berserker (Depths:1)
  A polar bear (Depths:1)
  A two-headed ogre (shapeshifter) (Vaults:3)
  Edmund (D:6)
  A phantom (D:8)
  Ijyb (D:2)
  Robin (D:2)
  A bat (D:2)
  A goblin (D:4)
10 creatures vanquished.

Vanquished Creatures (others)
  A tengu reaver (Vaults:4)
  An ironheart preserver (Vaults:1)
  A very ugly thing (Vaults:1)
  A merfolk impaler (Shoals:5)
  A deep elf knight (Vaults:1)
  2 orc knights (Vaults:1)
  2 vault sentinels
  A yaktaur (Depths:1)
  A merfolk (Shoals:4)
  A two-headed ogre (Vaults:1)
  2 fire elementals
  2 deep elf fighters
  A naga (shapeshifter) (Vaults:1)
  2 ogres (Vaults:1)
  An orc warrior (Vaults:1)
  A boggart (shapeshifter) (Vaults:1)
  A boggart (Depths:3)
  A killer bee (D:12)
  An iron imp (D:4)
  2 river rats (Lair:2)
  5 chimeras (Lair:1)
  2 orcs
  A kobold (D:4)
  3 giant spores
  2 ballistomycetes (D:15)
  31 fungi
  10 plants
80 creatures vanquished.

Grand Total: 2171 creatures vanquished

Notes
Turn   | Place    | Note
--------------------------------------------------------------
     0 | D:1      | Chiseanne, the Demonspawn Wizard, began the quest for the Orb.
     0 | D:1      | Reached XP level 1. HP: 13/13 MP: 4/4
   537 | D:1      | Gained mutation: You have large cloven feet. [demonic ancestry]
   537 | D:1      | Reached XP level 2. HP: 19/19 MP: 4/6
  1449 | D:1      | Learned a level 2 spell: Blink
  1452 | D:1      | Learned a level 2 spell: Call Imp
  1455 | D:1      | Learned a level 2 spell: Repel Missiles
  1741 | D:2      | Gained mutation: You are immune to rotting. [demonic ancestry]
  1741 | D:2      | Reached XP level 3. HP: 21/24 MP: 2/8
  1818 | D:2      | Reached skill level 4 in Spellcasting
  2597 | D:2      | Noticed Ijyb
  2619 | D:2      | Killed Ijyb
  2808 | D:2      | Noticed Terence
  2828 | D:2      | Killed Terence
  2828 | D:2      | Gained mutation: You are slightly more attuned to the shadows. [demonic ancestry]
  2828 | D:2      | Reached XP level 4. HP: 13/30 MP: 4/11
  3170 | D:3      | Noticed Robin
  3327 | D:2      | Killed Robin
  4316 | D:3      | Learned a level 3 spell: Conjure Flame
  4819 | D:3      | Gained mutation: You are partially covered in rugged brown scales (AC +1, +3% HP). [demonic ancestry]
  4819 | D:3      | Reached XP level 5. HP: 28/36 MP: 4/13
  5229 | D:4      | Noticed an ogre
  5237 | D:4      | Killed an ogre
  5237 | D:4      | Reached skill level 1 in Fighting
  5237 | D:4      | Reached skill level 1 in Maces & Flails
  5403 | D:4      | Noticed CcS's ghost (experienced TeCj)
  5456 | D:4      | Killed CcS's ghost
  5456 | D:4      | Gained mutation: You are mostly covered in rugged brown scales (AC +2, +5% HP). [demonic ancestry]
  5456 | D:4      | Reached XP level 6. HP: 34/46 MP: 1/15
  5712 | D:4      | Noticed Prince Ribbit
  5743 | D:4      | Killed Prince Ribbit
  5743 | D:4      | Gained mutation: You are completely covered in rugged brown scales (AC +3, +7% HP). [demonic ancestry]
  5743 | D:4      | Reached XP level 7. HP: 46/53 MP: 12/17
  5817 | D:4      | Reached skill level 1 in Armour
  5924 | D:4      | Noticed a slave
  5988 | D:4      | Killed a slave
  6192 | D:4      | Noticed a slave
  6204 | D:4      | Noticed a slave
  6206 | D:4      | Noticed Pikel
  6219 | D:4      | Noticed a slave
  6227 | D:4      | Killed a slave
  6252 | D:4      | Killed Pikel
  6252 | D:4      | Reached skill level 5 in Dodging
  6252 | D:4      | Reached XP level 8. HP: 56/60 MP: 18/18
  6733 | D:5      | Entered Level 5 of the Dungeon
  8123 | D:5      | Reached skill level 6 in Dodging
  8371 | D:6      | Noticed Edmund
  8386 | D:6      | Killed Edmund
  8448 | D:6      | Noticed Dowan
  8449 | D:6      | Noticed Duvessa
  8470 | D:6      | Killed Duvessa
  8473 | D:6      | Killed Dowan
  8624 | D:6      | Reached skill level 5 in Stealth
  9041 | D:6      | Gained mutation: You emit a foul stench. [demonic ancestry]
  9041 | D:6      | Reached XP level 9. HP: 24/68 MP: 20/20
  9975 | D:7      | Reached skill level 7 in Dodging
 10065 | D:7      | Found a stormy altar of Qazlal.
 10099 | D:7      | Noticed Joseph
 10123 | D:7      | Killed Joseph
 10362 | D:7      | Found a staircase to the Ecumenical Temple.
 10382 | Temple   | Entered the Ecumenical Temple
 10479 | Temple   | Became a worshipper of Gozag Ym Sagoz the Greedy
 11365 | D:7      | Identified a scroll of acquirement
 11368 | D:7      | Got a translucent ring mail
 11379 | D:7      | Identified the +5 ring mail "Skuklash" {rElec rF+ MR+ Slay-4} (You acquired it on level 7 of the Dungeon)
 11502 | D:8      | Reached skill level 5 in Maces & Flails
 11693 | D:8      | Reached skill level 5 in Fighting
 11938 | D:8      | Found a staircase to the Lair.
 11939 | D:8      | Noticed an elephant
 11950 | D:8      | Reached XP level 10. HP: 72/79 MP: 21/21
 11960 | D:8      | Killed an elephant
 11960 | D:8      | Reached skill level 5 in Armour
 12002 | D:8      | Reached skill level 8 in Dodging
 12603 | D:8      | Found Gimp's General Store.
 12607 | D:8      | Bought a potion of agility for 56 gold pieces
 12607 | D:8      | Bought a scroll of teleportation for 42 gold pieces
 12607 | D:8      | Bought a potion of cancellation for 112 gold pieces
 12607 | D:8      | Bought a potion of lignification for 42 gold pieces
 13371 | D:8      | Found Wuodeucucs' Gadget Boutique.
 13794 | D:8      | Found Jeodag Goa's Food Shop.
 13797 | D:8      | Bought a bread ration for 50 gold pieces
 13797 | D:8      | Bought a meat ration for 50 gold pieces
 13797 | D:8      | Bought a beef jerky for 15 gold pieces
 13797 | D:8      | Bought a royal jelly for 20 gold pieces
 13797 | D:8      | Bought a slice of pizza for 15 gold pieces
 13797 | D:8      | Bought a beef jerky for 15 gold pieces
 13797 | D:8      | Bought a fruit for 15 gold pieces
 13797 | D:8      | Bought a bread ration for 50 gold pieces
 14426 | D:9      | Found Salungal's Jewellery Shop.
 14430 | D:9      | Bought a cursed amulet of inaccuracy for 22 gold pieces
 14436 | D:9      | Bought a +3 ring of dexterity for 172 gold pieces
 14459 | D:9      | Got a pair of spiked gloves
 14479 | D:9      | Identified the +0 pair of gloves of the Pirate {+Blink +Inv MR- MP+9 SInv} (You found it on level 9 of the Dungeon)
 14719 | D:9      | Reached skill level 9 in Dodging
 14797 | D:9      | Found a flagged portal.
 14821 | Bailey   | Entered a bailey
 15274 | Bailey   | Noticed an orc knight
 15301 | Bailey   | Killed an orc knight
 15915 | D:9      | Found Thraopte's Assorted Antiques.
 15926 | D:9      | Bought a scroll of identify for 60 gold pieces
 15926 | D:9      | Bought a scroll of remove curse for 90 gold pieces
 15926 | D:9      | Bought a blue potion for 27 gold pieces
 15926 | D:9      | Bought a scroll of identify for 60 gold pieces
 15926 | D:9      | Bought a fizzy grey potion for 27 gold pieces
 15926 | D:9      | Bought a dented bone amulet for 150 gold pieces
 16185 | D:9      | Noticed a sixfirhy
 16595 | D:9      | Found a shattered altar of Ashenzari.
 16604 | D:9      | Noticed a sun demon
 16605 | D:9      | Noticed a soul eater
 16606 | D:9      | Gained mutation: You have hoof-like feet. [demonic ancestry]
 16606 | D:9      | Reached XP level 11. HP: 88/88 MP: 22/22
 16695 | D:10     | Entered Level 10 of the Dungeon
 16695 | D:10     | Noticed deszczowiec's ghost (powerful FoFi)
 16747 | D:9      | Reached skill level 1 in Shields
 17846 | D:10     | Noticed a hill giant
 17876 | D:10     | Killed a hill giant
 18062 | D:10     | Found Maycsy's Assorted Antiques.
 18070 | D:10     | Bought a scroll of identify for 64 gold pieces
 18070 | D:10     | Bought a sedimented pink potion for 28 gold pieces
 18070 | D:10     | Bought a scroll of magic mapping for 112 gold pieces
 18070 | D:10     | Bought a scroll of remove curse for 96 gold pieces
 18696 | D:10     | Killed deszczowiec's ghost
 19161 | D:11     | Noticed a hill giant
 19171 | D:11     | Killed a hill giant
 19580 | D:11     | Found a staircase to the Orcish Mines.
 19582 | D:11     | Noticed Erica
 19897 | D:11     | Noticed a hill giant
 20076 | D:10     | Killed a hill giant
 20876 | D:10     | Killed Erica
 21328 | D:11     | Gained mutation: You evolve. [potion of beneficial mutation]
 21372 | D:11     | Gained mutation: Your magical and physical power is slightly enhanced at high health. [demonic ancestry]
 21372 | D:11     | Reached XP level 12. HP: 96/98 MP: 23/23
 21615 | Orc:1    | Entered Level 1 of the Orcish Mines
 22193 | Orc:2    | Reached skill level 5 in Shields
 22373 | Orc:2    | Found an iron altar of Okawaru.
 22796 | Orc:3    | Found Stucoq's Distillery.
 22806 | Orc:3    | Bought a potion of haste for 120 gold pieces
 22806 | Orc:3    | Bought a potion of invisibility for 96 gold pieces
 22806 | Orc:3    | Bought a potion of resistance for 120 gold pieces
 22806 | Orc:3    | Bought a potion of might for 48 gold pieces
 22806 | Orc:3    | Bought a potion of curing for 36 gold pieces
 22806 | Orc:3    | Bought a potion of mutation for 30 gold pieces
 23026 | Lair:1   | Entered Level 1 of the Lair of Beasts
 23165 | Lair:1   | Found a labyrinth entrance.
 23174 | Lab      | Entered a labyrinth
 23235 | Lab      | Noticed Chiseanne's ghost (powerful SpAs)
 23254 | Lab      | Killed Chiseanne's ghost
 23936 | Lab      | Noticed a minotaur
 23960 | Lab      | Killed a minotaur
 23960 | Lab      | Reached skill level 10 in Dodging
 23963 | Lab      | Got a fine battleaxe {antimagic}
 23970 | Lab      | Identified Frevvut's Grimoire of Malediction
 23988 | Lab      | Identified the Papyrus of the Helpful Traveller
 24428 | Lair:1   | Noticed a five-headed hydra
 24442 | Lair:1   | Killed a five-headed hydra
 24784 | Lair:1   | Noticed an ice dragon
 24800 | Lair:1   | Killed an ice dragon
 24981 | Lair:1   | Got a heavily runed chain mail
 24983 | Lair:1   | Identified Sif Muna's Almanac of Snow
 24985 | Lair:1   | Identified the Collected Works on Lethal Aid
 24997 | Lair:1   | Identified the +11 chain mail "Fyatwyah" {Str-2 Int+2 Dex+2} (You found it on level 1 of the Lair of Beasts)
 25269 | Lair:1   | Found a blossoming altar of Fedhas.
 25440 | Lair:1   | Reached skill level 10 in Armour
 25736 | D:10     | Noticed a five-headed hydra
 25742 | D:10     | Killed a five-headed hydra
 25999 | Orc:2    | Found Rigeas Edem's Distillery.
 26005 | Orc:2    | Bought a potion of mutation for 37 gold pieces
 26005 | Orc:2    | Bought a potion of flight for 45 gold pieces
 26005 | Orc:2    | Bought a potion of flight for 45 gold pieces
 26005 | Orc:2    | Bought a potion of restore abilities for 75 gold pieces
 26005 | Orc:2    | Bought a potion of mutation for 37 gold pieces
 26005 | Orc:2    | Bought a potion of brilliance for 60 gold pieces
 26005 | Orc:2    | Bought a potion of flight for 45 gold pieces
 26005 | Orc:2    | Bought 2 potions of heal wounds for 150 gold pieces
 26005 | Orc:2    | Bought a potion of resistance for 150 gold pieces
 26846 | Orc:4    | Entered Level 4 of the Orcish Mines
 27042 | Orc:4    | Found a staircase to the Elven Halls.
 27093 | Orc:4    | Found a roughly hewn altar of Beogh.
 27094 | Orc:4    | Found Atzecefuro's Book Boutique.
 27209 | Orc:4    | Found a roughly hewn altar of Beogh.
 27264 | Orc:4    | Found a roughly hewn altar of Beogh.
 27515 | Orc:4    | Found Khameste's Jewellery Shop.
 27588 | Orc:4    | Noticed Nessos
 27610 | Orc:4    | Killed Nessos
 27610 | Orc:4    | Gained mutation: You are significantly more attuned to the shadows. [demonic ancestry]
 27610 | Orc:4    | Reached XP level 13. HP: 49/108 MP: 13/24
 27956 | Orc:4    | Found a roughly hewn altar of Beogh.
 28143 | Orc:4    | Noticed an orc warlord
 28191 | Orc:4    | Killed an orc warlord
 28521 | Orc:4    | Found a roughly hewn altar of Beogh.
 28576 | Orc:4    | Found a roughly hewn altar of Beogh.
 28611 | Orc:4    | Found a roughly hewn altar of Beogh.
 28874 | Orc:4    | Found a roughly hewn altar of Beogh.
 28876 | Orc:4    | Found Dozugeu's Antique Weapon Emporium.
 28876 | Orc:4    | Found Grovaud's Antique Armour Shoppe.
 28892 | Orc:4    | Bought a warped scale mail for 216 gold pieces
 28904 | Orc:4    | Identified the +4 scale mail "Shricliw" {rElec rPois rCorr Str-2 Dex+4} (You bought it in a shop on level 4 of the Orcish Mines)
 29191 | D:12     | Noticed Harold
 29214 | D:12     | Killed Harold
 29414 | D:12     | Reached skill level 10 in Fighting
 29622 | D:12     | Noticed Nergalle
 29632 | D:12     | Killed Nergalle
 29668 | D:12     | Found Caitem's General Store.
 29746 | D:12     | Bought a potion of heal wounds for 55 gold pieces
 29746 | D:12     | Bought a meat ration for 55 gold pieces
 29754 | D:12     | Noticed Josephine
 29769 | D:12     | Killed Josephine
 30332 | D:13     | Reached skill level 11 in Dodging
 30905 | D:13     | Gained mutation: You have a pair of small horns on your head. [evolution]
 30975 | D:13     | Found a gate to the Vaults.
 31151 | D:14     | Gained mutation: You have hooves in place of feet. [demonic ancestry]
 31151 | D:14     | Reached XP level 14. HP: 112/118 MP: 25/25
 31195 | D:14     | Reached skill level 10 in Shields
 31797 | D:14     | Found Kaoh's Distillery.
 31800 | D:14     | Bought a potion of heal wounds for 75 gold pieces
 31800 | D:14     | Bought a potion of invisibility for 120 gold pieces
 31800 | D:14     | Bought a potion of curing for 45 gold pieces
 31800 | D:14     | Bought a potion of resistance for 150 gold pieces
 31800 | D:14     | Bought a potion of curing for 45 gold pieces
 31894 | D:15     | Entered Level 15 of the Dungeon
 32037 | D:15     | Found Hebaib's General Store.
 32043 | D:15     | Got a fine dagger
 32044 | D:15     | Identified the cursed -1 dagger of Fragile Peace {pain, -Cast rC+ Int+4} (You found it on level 15 of the Dungeon)
 32054 | D:15     | Bought a scroll of noise for 20 gold pieces
 32054 | D:15     | Bought a beef jerky for 30 gold pieces
 32054 | D:15     | Bought a scroll of recharging for 190 gold pieces
 32054 | D:15     | Bought a scroll of enchant armour for 150 gold pieces
 32610 | D:14     | Reached skill level 12 in Dodging
 32759 | D:15     | Found a sacrificial altar of Ru.
 32898 | D:15     | Found an iron altar of Okawaru.
 32993 | D:15     | Found a staircase to the Depths.
 33731 | D:15     | Lost mutation: You have a pair of small horns on your head. [evolution]
 37351 | Lair:4   | Gained mutation: You radiate miasma. [demonic ancestry]
 37351 | Lair:4   | Reached XP level 15. HP: 112/128 MP: 22/25
 37830 | Lair:4   | Found a staircase to the Snake Pit.
 38991 | Lair:6   | Noticed Fannar
 39008 | Lair:6   | Killed Fannar
 39008 | Lair:6   | Reached skill level 13 in Dodging
 40152 | Lair:6   | Found a staircase to the Shoals.
 42213 | Lair:8   | Entered Level 8 of the Lair of Beasts
 42223 | Lair:8   | Found a staircase to the Slime Pits.
 43269 | Lair:8   | Reached XP level 16. HP: 106/138 MP: 20/26
 44660 | D:9      | Bought a scroll of acquirement for 1560 gold pieces
 44660 | D:9      | Bought a potion of brilliance for 120 gold pieces
 44911 | Snake:1  | Entered Level 1 of the Snake Pit
 45197 | Snake:1  | Got an ancient war axe
 45205 | Snake:1  | Identified the +6 war axe "Rysep" {venom, Str+4} (You found it on level 1 of the Snake Pit)
 46930 | Snake:4  | Reached skill level 14 in Shields
 47380 | Snake:4  | Found Joraiv's Distillery.
 47394 | Snake:4  | Bought a potion of curing for 42 gold pieces
 47394 | Snake:4  | Bought a potion of beneficial mutation for 490 gold pieces
 47394 | Snake:4  | Bought a potion of agility for 56 gold pieces
 47394 | Snake:4  | Bought a potion of heal wounds for 70 gold pieces
 47394 | Snake:4  | Bought a potion of restore abilities for 70 gold pieces
 47394 | Snake:4  | Bought a potion of invisibility for 112 gold pieces
 47394 | Snake:4  | Bought a potion of heal wounds for 70 gold pieces
 47394 | Snake:4  | Bought a potion of heal wounds for 70 gold pieces
 47394 | Snake:4  | Bought a potion of magic for 112 gold pieces
 47395 | Snake:4  | Gained mutation: You rapidly evolve. [potion of beneficial mutation]
 47782 | Snake:5  | Entered Level 5 of the Snake Pit
 48590 | Snake:5  | Noticed Norris
 48723 | Snake:5  | Noticed Aizul
 48738 | Snake:5  | Killed Norris
 48763 | Snake:5  | Killed Aizul
 48834 | Snake:5  | Found Ylooz's Antique Armour Shoppe.
 48835 | Snake:5  | Noticed Frances
 49148 | Snake:4  | Lost mutation: You rapidly evolve. [evolution]
 49611 | Snake:4  | Gained mutation: You are completely attuned to the shadows. [demonic ancestry]
 49611 | Snake:4  | Reached XP level 17. HP: 146/146 MP: 27/27
 49837 | Snake:5  | Noticed Chiseanne's ghost (mighty SpAs)
 49845 | Snake:5  | Killed Frances
 50738 | Snake:5  | Reached skill level 15 in Shields
 52859 | Snake:5  | Reached skill level 15 in Dodging
 53403 | Snake:5  | Got an ichor-stained robe
 58047 | Snake:5  | Reached skill level 16 in Shields
 58290 | Snake:5  | Reached XP level 18. HP: 122/156 MP: 26/28
 58800 | Snake:4  | Gained mutation: You have supernaturally acute eyesight. [evolution]
 59864 | Snake:5  | Got a serpentine rune of Zot
 60257 | Lair:1   | Identified the +2 robe of Midnight {rElec Str+3 Int-2 Slay+2 Stlth-} (You took it off a naga warrior on level 5 of the Snake Pit)
 60510 | Vaults:1 | Entered Level 1 of the Vaults
 61303 | Vaults:1 | Found Ygucosue's Antique Armour Emporium.
 61783 | Vaults:1 | Found Gozag's Assorted Antiques.
 61814 | Vaults:1 | Found an opulent altar of Gozag.
 61815 | Vaults:1 | Bought a twisted bronze wand for 400 gold pieces
 61815 | Vaults:1 | Bought a potion of curing for 300 gold pieces
 61990 | Vaults:1 | Noticed Nikola
 62060 | Vaults:1 | Noticed a Brimstone Fiend
 63895 | Vaults:1 | Reached skill level 17 in Shields
 65798 | Vaults:1 | Gained mutation: Your magical and physical power is enhanced at high health. [demonic ancestry]
 65798 | Vaults:1 | Reached XP level 19. HP: 156/164 MP: 28/28
 65909 | Vaults:1 | Reached skill level 15 in Fighting
 66958 | Vaults:1 | Found Gozag's Antique Weapon Shop.
 66974 | Vaults:1 | Found Gozag's Antique Weapon Shop.
 67052 | Vaults:1 | Bought a crystal hunting sling for 650 gold pieces
 67298 | Vaults:1 | Killed Nikola
 67868 | Vaults:1 | Identified the cursed -1 hunting sling "Clacuh" {velocity, Int+7} (You bought it in a shop on level 1 of the Vaults)
 68037 | Vaults:2 | Noticed Boris
 68138 | Vaults:2 | Got a bloodstained hunting sling
 68146 | Vaults:2 | Identified the cursed +3 hunting sling "Fiuca" {venom, rElec rPois rF+ Str-2 Int+6} (You took it off a draconian on level 2 of the Vaults)
 68148 | Vaults:2 | Reached XP level 20. HP: 124/173 MP: 29/29
 68521 | Vaults:2 | Noticed Mara
 68865 | Depths:1 | Entered Level 1 of the Depths
 68907 | Depths:1 | Found a one-way gate leading to the halls of Pandemonium.
 69180 | Depths:1 | Found Treustit's Antique Weapon Boutique.
 69188 | Depths:1 | Bought a polished trident for 323 gold pieces
 69188 | Depths:1 | Bought a twisted broad axe for 342 gold pieces
 69189 | Depths:1 | Identified the cursed +1 trident of a volcano {drain, rPois MR- Str+5} (You bought it in a shop on level 1 of the Depths)
 69191 | Depths:1 | Identified the +8 broad axe of the Depths {venom, MR+} (You bought it in a shop on level 1 of the Depths)
 69199 | Depths:1 | Bought an ivory hunting sling for 247 gold pieces
 69200 | Depths:1 | Identified the +7 hunting sling "Mamur" {velocity, Int+9 Dex-4} (You bought it in a shop on level 1 of the Depths)
 69201 | Depths:1 | Found a gateway to Hell.
 69356 | Depths:1 | Reached skill level 5 in Long Blades
 69831 | Depths:1 | Found a bloodstained altar of Trog.
 70721 | Depths:1 | Reached skill level 18 in Shields
 70749 | Depths:2 | Found Duocim's Food Shoppe.
 70754 | Depths:2 | Bought a beef jerky for 19 gold pieces
 70754 | Depths:2 | Bought 2 fruits for 39 gold pieces
 70754 | Depths:2 | Bought a bread ration for 65 gold pieces
 70754 | Depths:2 | Bought a royal jelly for 26 gold pieces
 70754 | Depths:2 | Bought a bread ration for 65 gold pieces
 70754 | Depths:2 | Bought 3 fruits for 58 gold pieces
 70754 | Depths:2 | Bought a bread ration for 65 gold pieces
 70754 | Depths:2 | Bought a meat ration for 65 gold pieces
 70754 | Depths:2 | Bought a meat ration for 65 gold pieces
 70754 | Depths:2 | Bought a meat ration for 65 gold pieces
 70754 | Depths:2 | Bought a slice of pizza for 19 gold pieces
 70754 | Depths:2 | Bought a bread ration for 65 gold pieces
 70754 | Depths:2 | Bought a slice of pizza for 19 gold pieces
 71480 | Depths:2 | Noticed Agnes
 71494 | Depths:2 | Killed Agnes
 72968 | Depths:2 | Reached XP level 21. HP: 157/179 MP: 26/29
 74206 | Depths:3 | Noticed ghwc's ghost (mighty OgBe)
 74267 | Depths:3 | Found Thiralak's Food Boutique.
 74289 | Depths:3 | Found a one-way gate to the infinite horrors of the Abyss.
 74295 | Depths:3 | Bought a meat ration for 70 gold pieces
 74295 | Depths:3 | Bought a meat ration for 70 gold pieces
 74295 | Depths:3 | Bought a bread ration for 70 gold pieces
 74295 | Depths:3 | Bought a beef jerky for 21 gold pieces
 74295 | Depths:3 | Bought a meat ration for 70 gold pieces
 74295 | Depths:3 | Bought a bread ration for 70 gold pieces
 74295 | Depths:3 | Bought a meat ration for 70 gold pieces
 74295 | Depths:3 | Bought a bread ration for 70 gold pieces
 74295 | Depths:3 | Bought a slice of pizza for 21 gold pieces
 74295 | Depths:3 | Bought a beef jerky for 21 gold pieces
 74295 | Depths:3 | Bought a royal jelly for 28 gold pieces
 74295 | Depths:3 | Bought a bread ration for 70 gold pieces
 74295 | Depths:3 | Bought a beef jerky for 21 gold pieces
 74316 | Depths:3 | Paralysed by an ogre mage for 2 turns
 74470 | Depths:3 | Found a gateway to a ziggurat.
 74552 | Depths:3 | Gained mutation: Your natural rate of healing is unusually fast. [evolution]
 76148 | Shoals:1 | Entered Level 1 of the Shoals
 76285 | Shoals:1 | Found Vujaruj's Jewellery Shoppe.
 76833 | Shoals:4 | Noticed Polyphemus
 77441 | Shoals:5 | Entered Level 5 of the Shoals
 77545 | Shoals:5 | Got a barnacled rune of Zot
 78507 | Vaults:2 | Found Qisor's Jewellery Shop.
 78706 | Vaults:2 | Reached skill level 19 in Shields
 78809 | Vaults:2 | Noticed Chiseanne's illusion
 80116 | Vaults:2 | Found a staircase to the Crypt.
 80117 | Vaults:2 | Found a basalt altar of Yredelemnul.
 80117 | Vaults:2 | Found an ancient bone altar of Kikubaaqudgha.
 80746 | Vaults:3 | Reached skill level 10 in Long Blades
 80769 | Vaults:3 | Noticed Jory
 80811 | Vaults:3 | HP: 8/179 [Jory/war axe of venom (5)]
 80845 | Vaults:3 | Killed Jory
 80845 | Vaults:3 | Reached XP level 22. HP: 62/187 MP: 5/30
 81136 | Vaults:3 | Noticed trantor's ghost (mighty DEEn)
 81481 | Vaults:3 | Killed trantor's ghost
 81626 | Vaults:3 | Found Roentat's Magic Scroll Shoppe.
 81630 | Vaults:3 | Bought a scroll of teleportation for 60 gold pieces
 81630 | Vaults:3 | Bought a scroll of identify for 40 gold pieces
 81630 | Vaults:3 | Bought a scroll of teleportation for 60 gold pieces
 81630 | Vaults:3 | Bought a scroll of teleportation for 60 gold pieces
 81630 | Vaults:3 | Bought a scroll of identify for 40 gold pieces
 81630 | Vaults:3 | Bought a scroll of blinking for 150 gold pieces
 81630 | Vaults:3 | Bought a scroll of summoning for 190 gold pieces
 81630 | Vaults:3 | Bought a scroll of identify for 40 gold pieces
 81630 | Vaults:3 | Bought a scroll of immolation for 70 gold pieces
 82209 | Vaults:3 | Gained mutation: You can spit poison. [evolution]
 82454 | Vaults:4 | Found Ogockaci's Assorted Antiques.
 82511 | Vaults:4 | Bought a potion of haste for 310 gold pieces
 82511 | Vaults:4 | Bought a scroll of identify for 62 gold pieces
 82511 | Vaults:4 | Bought a scroll of identify for 62 gold pieces
 82511 | Vaults:4 | Bought a scroll of enchant weapon for 232 gold pieces
 83320 | Vaults:4 | Reached skill level 20 in Shields
 85194 | Depths:3 | Identified the Volume of the Entourage
 85268 | Depths:3 | Blown up by a lich

Action                   |  1- 3 |  4- 6 |  7- 9 | 10-12 | 13-15 | 16-18 | 19-21 | 22-24 || total
-------------------------+-------+-------+-------+-------+-------+-------+-------+-------++-------
Melee: Spear             |    32 |       |       |       |       |       |       |       ||    32
       Whip              |       |    33 |   296 |       |       |       |       |       ||   329
       Flail             |       |       |   266 |  1621 |  2238 |  3147 |   376 |       ||  7648
       Scimitar          |       |       |       |     1 |     5 |       |       |       ||     6
       Broad axe         |       |       |       |       |       |   107 |    58 |       ||   165
       Double sword      |       |       |       |       |       |    26 |  1718 |   698 ||  2442
       War axe           |       |       |       |       |       |    20 |       |       ||    20
 Fire: Blowgun           |       |       |     3 |    79 |    43 |    10 |    31 |       ||   166
Throw: Tomahawk          |       |       |     4 |    52 |    18 |    11 |    13 |       ||    98
       Javelin           |       |       |       |     4 |       |       |       |       ||     4
       Throwing net      |       |       |       |     2 |     2 |     1 |       |       ||     5
 Cast: Magic Dart        |   104 |   131 |    55 |       |       |       |       |       ||   290
       Repel Missiles    |     1 |     1 |     1 |       |       |       |       |       ||     3
       Call Imp          |     4 |     5 |    14 |     3 |       |       |       |       ||    26
       Conjure Flame     |       |     1 |       |       |       |       |       |       ||     1
Invok: Potion Petition   |       |       |       |     1 |     1 |     5 |     4 |       ||    11
       Call Merchant     |       |       |       |       |     3 |     1 |     1 |       ||     5
 Abil: Evoke Fog         |       |       |       |       |       |       |       |     1 ||     1
Evoke: Wand              |       |     5 |     2 |    14 |     4 |    14 |    14 |       ||    53
       Box of beasts     |       |       |       |     7 |     1 |       |       |       ||     8
       Lamp of fire      |       |       |       |       |       |       |     2 |     1 ||     3
  Use: Scroll            |       |    14 |     8 |    17 |     8 |    18 |    15 |     4 ||    84
       Potion            |       |     1 |     1 |    11 |       |    10 |    14 |       ||    37
 Stab: Distracted        |     2 |       |     4 |     6 |    22 |    19 |    18 |     6 ||    77
       Invisible         |       |     3 |       |     5 |       |       |    12 |       ||    20
       Sleeping          |       |     1 |    10 |     5 |    49 |    12 |    17 |    10 ||   104
       Paralysed         |       |       |       |       |     4 |       |       |       ||     4
       Held in net/web   |       |       |       |       |       |     2 |       |       ||     2
  Eat: Chunk             |     6 |     8 |    16 |       |       |       |       |       ||    30
       Pizza             |       |       |     4 |     6 |     1 |     3 |     4 |       ||    18
       Beef jerky        |       |       |     3 |     3 |     1 |       |     6 |       ||    13
       Fruit             |       |       |     1 |     1 |     7 |     6 |     8 |       ||    23
       Royal jelly       |       |       |       |     3 |     2 |       |     2 |     2 ||     9
       Bread ration      |       |       |       |     7 |     5 |     1 |     2 |     3 ||    18
       Meat ration       |       |       |       |       |     4 |    13 |     4 |       ||    21
